 Dungeon Crawl Stone Soup version 0.30-a0-176-gdd20fb75b6 (webtiles) character file.

Game seed: 3276345958180171739

80744 910rd the Stormcaller (level 15, -9/96 HPs)
             Began as a Tengu Air Elementalist on Oct 2, 2022.
             Was a High Priest of Vehumet.
             Mangled by Asterion
             ... wielding a +0 demon trident of electrocution
              (19 damage)
             ... on level 1 of the Snake Pit.
             The game lasted 02:03:02 (29702 turns).

910rd the Stormcaller (Tengu Air Elementalist)     Turns: 29702, Time: 02:03:02

Health: -9/96      AC:  9    Str:  9    XL:     15   Next: 68%
Magic:  12/39      EV: 15    Int: 23    God:    Vehumet [*****.]
Gold:   1102       SH:  5    Dex: 14    Spells: 3/34 levels left

rFire   + . .      SeeInvis +    l - staff of air
rCold   + + +      Faith    .    e - +0 buckler
rNeg    . . .      Spirit   .    t - +3 leather armour {rF+}
rPois   .          Reflect  .    X - +1 hat of Resilience {rC++ SInv}
rElec   +          Harm     .    j - +0 cloak
rCorr   .          Rampage  .    s - +0 pair of gloves
Will    +....                    (boots unavailable)
Stlth   +++.......               a - amulet of magic regeneration
HPRegen 0.36/turn                U - ring of wizardry
MPRegen 0.66/turn                V - ring of Xygryidgh {rC++ MP+9}

@: flying quickly and evasively, very slightly contaminated, quick
A: beak, talons 3, nimble flight
a: Renounce Religion


You were on level 1 of the Snake Pit.
You worshipped Vehumet.
Vehumet was extremely pleased with you.
You visited 5 branches of the dungeon, and saw 21 of its levels.
You also visited: Sewer and Gauntlet.

You collected 2130 gold pieces.
You spent 1028 gold pieces at shops.

Inventory:

Hand Weapons
 k - the +7 war axe "Gram" {drain, rN+}
   (You found it on level 2 of the Dungeon)

   A truly terrible weapon, it drains the life of any living foe it strikes.
   rN:        It protects you from negative energy.
 G - a +5 dire flail
Missiles
 n - 51 poisoned darts
 x - 7 curare-tipped darts
 D - 3 throwing nets
Armour
 e - a +0 buckler (worn)
 j - a +0 cloak (worn)
 q - +0 acid dragon scales
 s - a +0 pair of gloves (worn)
 t - a +3 leather armour of fire resistance (worn)
 F - a +0 robe of willpower
 T - a +0 troll leather armour
 X - the +1 hat of Resilience (worn) {rC++ SInv}
   (You found it in a Gauntlet)

   rC:        It greatly protects you from cold.
   SInv:      It lets you see invisible.
Magical Staves
 g - a staff of fire
 l - a staff of air (weapon)
 H - a staff of death
 K - a staff of poison
 N - a staff of conjuration
Jewellery
 a - an amulet of magic regeneration (around neck)
 f - the amulet "Hompor" {Acrobat Int+4}
   (You acquired it on level 4 of the Dungeon)

   [amulet of the acrobat]

   It increases your evasion while moving and waiting.
   Int:       It affects your intelligence (+4).
 m - a ring of positive energy
 J - a ring of resist corrosion
 R - a +4 ring of protection
 U - a ring of wizardry (left hand)
 V - the ring of Xygryidgh (right hand) {rC++ MP+9}
   (You found it on level 5 of the Lair of Beasts)

   [ring of magical power]

   rC:        It greatly protects you from cold.
   MP:        It affects your magic capacity (+9).
Wands
 o - a wand of digging (11)
 B - a wand of roots (9)
 P - a wand of light (7)
 Y - a wand of flame (6)
Scrolls
 c - a scroll of magic mapping
 d - a scroll of enchant weapon
 i - 2 scrolls of fear
 u - 7 scrolls of teleportation
 y - a scroll of immolation
 L - 3 scrolls of poison
 Z - a scroll of blinking
Potions
 b - 4 potions of cancellation
 r - 2 potions of lignification
 v - 8 potions of haste
 w - 3 potions of heal wounds
 z - 3 potions of might
 A - 2 potions of magic
 C - 3 potions of resistance
 E - 2 potions of berserk rage
 I - 2 potions of invisibility
 M - 4 potions of curing
 O - a potion of mutation
 S - 2 potions of ambrosia
 W - 2 potions of brilliance
Miscellaneous
 h - a box of beasts
 p - a tin of tremorstones (1/2)
 Q - a phantom mirror


   Skills:
 - Level 12.1 Fighting
 - Level 5.0 Axes
 - Level 4.0 Armour
 - Level 5.0 Dodging
 - Level 4.6 Stealth
 - Level 5.0 Shields
 + Level 10.3 Spellcasting
 - Level 5.0 Conjurations
 - Level 1.0 Summonings
 - Level 10.0 Necromancy
 - Level 18.0 Air Magic
 - Level 8.0 Earth Magic
 - Level 5.0 Evocations


You had 3 spell levels left.
You knew the following spells:

 Your Spells              Type           Power      Damage    Failure   Level
a - Shock                 Conj/Air       100%       1d9       1%          1
b - Static Discharge      Conj/Air       100%       2-7/arc   1%          2
c - Airstrike             Air            48%        2d(7-23)  1%          4
d - Summon Small Mammal   Summ           64%        N/A       2%          1
e - Searing Ray           Conj           68%        2d6       1%          2
f - Borgnjor's Vile Clut  Necr/Erth      26%        N/A       2%          5
g - Arcjolt               Conj/Air       38%        1d48      1%          5
h - Maxwell's Capacitive  Air            48%        ∞         4%          8
q - Swiftness             Air            97%        N/A       0%          3

Your spell library contained the following spells:

 Spells                   Type           Power      Damage    Failure   Level
 Orb of Destruction       Conj           17%        9d7       65%         7
 Freeze                   Ice            44%        1d6       1%          1
 Necrotise                Necr           100%       1d9       1%          1
 Cigotuvi's Dreadful Rot  Necr/Pois/Air  100%       N/A       1%          2
 Sublimation of Blood     Necr           55%        N/A       1%          2
 Hailstorm                Conj/Ice       23%        3d7       1%          3
 Vampiric Draining        Necr           55%        2d9       1%          3
 Frozen Ramparts          Ice            22%        1d4       3%          3
 Ignite Poison            Fire/Tmut/Pois 11%        N/A       3%          3
 Apportation              Tloc           22%        N/A       4%          1
 Sting                    Tmut/Pois      44%        1d5       4%          1
 Wereblood                Tmut           11%        N/A       6%          2
 Call Canine Familiar     Summ           16%        N/A       8%          3
 Portal Projectile        Hex/Tloc       22%        N/A       12%         3
 Tukima's Dance           Hex            11%        N/A       12%         3
 Animate Dead             Necr           55%        N/A       1%          4
 Agony                    Necr           55%        N/A       1%          5
 Conjure Ball Lightning   Conj/Air       38%        3x3d12    1%          6
 Animate Armour           Summ/Erth      64%        N/A       6%          4
 Leda's Liquefaction      Hex/Erth       15%        N/A       8%          4
 Death Channel            Necr           27%        N/A       10%         6
 Iron Shot                Conj/Erth      20%        9d5       12%         6
 Cause Fear               Hex            5%         N/A       34%         4
 Simulacrum               Ice/Necr       17%        N/A       56%         6
 Alistair's Intoxication  Tmut/Pois      7%         N/A       69%         5
 Blade Hands              Tmut           5%         N/A       69%         5
 Eringya's Noxious Bog    Tmut/Pois      5%         N/A       75%         6
 Dragon Form              Tmut           5%         N/A       100%        7
 Summon Hydra             Summ           8%         N/A       100%        7
 Dragon's Call            Summ           8%         N/A       100%        9


Dungeon Overview and Level Annotations

Branches:
Dungeon (12/15) Zot: 25572  Temple (1/1) D:7 Zot: 5984    Lair (5/5) D:11 Zot: 22565
 Shoals (0/4) Lair:3        Snake (1/4) Lair:3 Zot: 5587   Slime (0/5) Lair:5
    Orc (2/2) D:10 Zot: 10159     Elf (0/3) Orc:2         Sewer (visited)
Gauntlet (visited)

Altars:
Ashenzari
Cheibriados
Dithmenos
Fedhas
Hepliaklqana
Kikubaaqudgha
Makhleb
Okawaru
Qazlal
Ru
Sif Muna
Trog
Uskayaw
Vehumet
Yredelemnul
Zin
The Shining One
Jiyva

Shops:
D:1 =   D:5 (   D:6 (   Orc:2 [:*(

Portals:
Abyss: Lair:4

Annotations:
Lair:2 1 runed translucent door, Malachi's ghost, journeyman GnWn
Lair:4 2 transporters, jehirs's ghost, journeyman MfSu
Snake:1 Asterion


Innate Abilities, Weirdness & Mutations

You have a beak for a mouth.
You have claws for feet.
Your magical nature lets you fly swiftly and evasively.


Message History

* * * LOW HITPOINT WARNING * * *
You see here a +0 spear.
You take 8 damage, and have 42/96 hp.
Casting: Arcjolt (mildly dangerous; 1% risk of failure)
Confirm with . or Enter, or press ? or * to list all spells.
Aiming: Borgnjor's Vile Clutch (dangerous; 2% risk of failure)
Press: ? - help, Shift-Dir - straight line, f - you, p - naga sharpshooter
Okay, then.
Casting: Borgnjor's Vile Clutch (dangerous; 2% risk of failure)
Confirm with . or Enter, or press ? or * to list all spells.
You feel a surge of power!
Electricity surges outward!
You kill the naga sharpshooter!
Vehumet accepts your kill.
You feel your power returning.
Asterion is heavily wounded.
The zombie hands constrict Asterion!
Asterion completely misses you. Asterion gores you!
* * * LOW HITPOINT WARNING * * *
You take 7 damage, and have 35/96 hp.
You now have 15/39 mp.
Casting: Arcjolt (mildly dangerous; 1% risk of failure)
Confirm with . or Enter, or press ? or * to list all spells.
You feel a surge of power!
Electricity surges outward!
Asterion is almost dead.
The zombie hands constrict Asterion.
Asterion hits you with a +0 demon trident of electrocution!
* * * LOW HITPOINT WARNING * * *
Asterion gores you!
* * * LOW HITPOINT WARNING * * *
You take 21 damage, and have 14/96 hp.
MASSIVE DAMAGE!!
You now have 11/39 mp.
Aiming: Bolt of Light
Press: ? - help, Shift-Dir - straight line, f - Asterion
Aim: Asterion, wielding a +0 demon trident of electrocution, wearing a +2 ring mail of fire resistance and wearing a +0 kite shield (almost dead, constricted by zombie hands, 100% to hit)
Okay, then.
The tremorstone explodes into fragments!
The burst of rock shards engulfs Asterion but does no damage.
The burst of rock shards engulfs you.
* * * LOW HITPOINT WARNING * * *
The zombie hands constrict Asterion!
Asterion hits you with a +0 demon trident of electrocution!!
You die...

.#~~~~..)..##....##.#
#......####..N....##
#.....##..#...#####
####.#.#...###.#
#..###....>....#
#..#.#..[..#..##
###..#.##....#..#
###....#.....÷)##.###
##......#..#...H@###.###
#..........#####[#.#.#.#
#..###.##...#...<....#.#
##.#....##.##......#...#
#..........###.....###.#
.........### #....## ###
.........# ##..##
.......###..# ####
##.........#


You could see Asterion (clutched).

Vanquished Creatures
  Gastronok (Orc:1)
  An orc warlord (Orc:2)
  An ettin (Orc:1)
  A fire dragon (Lair:4)
  A hydra (Lair:5)
  4 anacondas (Snake:1)
  5 two-headed ogres
  3 boulder beetles
  A naga warrior (Snake:1)
  5 death yaks
  An orc high priest (Orc:2)
  2 shock serpents (Snake:1)
  4 naga sharpshooters (Snake:1)
  5 skeletal warriors (D:12)
  A sea snake (Snake:1)
  A deep troll (D:11)
  A necromancer (Gauntlet)
  4 orc knights (Orc:2)
  7 cyclopes
  An oklob plant (D:6)
  3 orc sorcerers
  A mana viper (Snake:1)
  A deep elf zephyrmancer (D:11)
  2 ugly things
  A salamander (Snake:1)
  3 manticores
  Maurice (D:11)
  10 black mambas
  11 elephants
  7 torpor snails
  Joseph (Lair:1)
  2 unseen horrors
  A naga mage (Snake:1)
  13 cane toads
  3 gargoyles
  5 komodo dragons
  4 kobold demonologists
  4 rime drakes (Lair:5)
  8 trolls
  6 polar bears
  10 slime creatures (D:12)
  5 hornets (Lair:5)
  8 dream sheep
  2 vampires (D:12)
  11 spriggans (Lair:5)
  5 wyverns
  3 wraiths
  2 basilisks
  24 yaks
  A steam dragon (D:7)
  4 vampire mosquitoes (D:11)
  3 acid dragons
  3 swamp worms (Gauntlet)
  Edmund (D:6)
  5 nagas
  3 wargs
  15 water moccasins
  6 black bears
  2 ice beasts
  23 orc warriors
  2 sky beasts
  8 ogres
  39 wolves
  5 boggarts (Lair:5)
  5 centaurs (D:11)
  11 bullfrogs
  9 kobold brigands
  2 scorpions
  A gnoll sergeant (D:11)
  7 wights
  4 howler monkeys
  2 electric eels
  9 jellies
  Crazy Yiuf (D:2)
  14 orc priests
  2 gnoll boudas
  2 hounds
  An iguana (D:4)
  26 orc wizards
  Natasha (thrice) (D:4)
  5 hell rats (Lair:3)
  11 adders
  14 gnolls
  A river rat (D:3)
  2 shadow imps (D:6)
  A white imp (D:7)
  An ufetubus (D:6)
  4 worms
  2 dart slugs
  83 orcs
  23 endoplasms
  3 giant cockroaches
  6 goblins
  4 hobgoblins
  7 jackals
  5 quokkas
  3 training dummies (D:5)
  10 ball pythons
  4 bats
  2 frilled lizards
  24 kobolds
  13 rats
654 creatures vanquished.

Vanquished Creatures (collateral kills)
  A minotaur (Gauntlet)
  An orc warrior (Orc:2)
  An orc (Orc:2)
3 creatures vanquished.

Vanquished Creatures (others)
  A bush (Lair:3)
  27 fungi
  55 plants
83 creatures vanquished.

Grand Total: 740 creatures vanquished

Notes
Turn   | Place    | Note
-------+----------+-------------------------------------------
     0 | D:1      | 910rd the Tengu Air Elementalist began the quest for the
                  | Orb.
     0 | D:1      | Reached XP level 1. HP: 10/10 MP: 4/4
    55 | D:1      | Reached skill level 1 in Fighting
    55 | D:1      | Reached XP level 2. HP: 9/17 MP: 4/6
   422 | D:1      | Reached XP level 3. HP: 21/21 MP: 5/7
   459 | D:1      | Found Komuyl's Jewellery Shop.
   573 | D:1      | Learned a level 2 spell: Static Discharge
   944 | D:2      | Identified the +7 war axe "Gram" {drain, rN+}
  1243 | D:2      | Found a faded altar of an unknown god.
  1276 | D:2      | Reached skill level 5 in Air Magic
  1282 | D:2      | Reached XP level 4. HP: 6/26 MP: 1/8
  1383 | D:2      | Found a runed translucent door.
  1384 | D:2      | Noticed Crazy Yiuf
  1863 | D:2      | Learned a level 3 spell: Swiftness
  2100 | D:3      | Found a burning altar of Makhleb.
  2214 | D:3      | Found a glowing drain.
  2255 | Sewer    | Entered a sewer
  2308 | Sewer    | Gained mutation: Your magical nature lets you fly swiftly
                  | and evasively. [Tengu growth]
  2308 | Sewer    | Reached XP level 5. HP: 18/30 MP: 4/10
  2416 | Sewer    | Noticed a kobold brigand
  2427 | Sewer    | Killed a kobold brigand
  2428 | Sewer    | Reached skill level 6 in Air Magic
  2540 | Sewer    | Noticed a kobold brigand
  2546 | Sewer    | Killed a kobold brigand
  2547 | Sewer    | Reached skill level 7 in Air Magic
  2547 | Sewer    | Reached XP level 6. HP: 35/35 MP: 11/11
  2680 | Sewer    | Reached skill level 8 in Air Magic
  2937 | Sewer    | Reached XP level 7. HP: 38/40 MP: 12/14
  2942 | Sewer    | Learned a level 4 spell: Airstrike
  3671 | D:4      | Identified a scroll of acquirement
  3671 | D:4      | Acquired the amulet "Hompor" {Acrobat Int+4}
  3772 | D:4      | Found a glowing golden altar of the Shining One.
  3841 | D:4      | Reached skill level 9 in Air Magic
  3980 | D:4      | Noticed Natasha
  3982 | D:4      | Killed Natasha
  3993 | D:4      | Reached skill level 10 in Air Magic
  4246 | D:4      | Reached XP level 8. HP: 43/45 MP: 15/15
  4434 | D:4      | Noticed Natasha
  4438 | D:4      | Killed Natasha
  4470 | D:4      | Noticed Natasha
  5014 | D:5      | Entered Level 5 of the Dungeon
  5319 | D:5      | Reached skill level 5 in Fighting
  5821 | D:5      | Found Esudekiu's Firing Range.
  5866 | D:5      | Bought a throwing net for 36 gold pieces
  5866 | D:5      | Bought a throwing net for 36 gold pieces
  5937 | D:5      | Reached skill level 5 in Spellcasting
  6604 | D:6      | Reached skill level 5 in Dodging
  6604 | D:6      | Reached skill level 1 in Evocations
  6604 | D:6      | Reached XP level 9. HP: 54/54 MP: 4/17
  7871 | D:6      | Reached skill level 11 in Air Magic
  8050 | D:6      | Noticed Edmund
  8058 | D:6      | Killed Edmund
  8235 | D:6      | Found Pammosudd's Antique Weapon Emporium.
  8293 | D:6      | Noticed an oklob plant
  8296 | D:6      | Killed an oklob plant
  8297 | D:6      | Reached skill level 12 in Air Magic
  8829 | D:7      | Reached XP level 10. HP: 56/61 MP: 4/20
  9351 | D:7      | Found a shimmering blue altar of Sif Muna.
  9648 | D:7      | Found a staircase to the Ecumenical Temple.
  9691 | Temple   | Entered the Ecumenical Temple
  9699 | Temple   | Became a worshipper of Vehumet
  9788 | D:7      | Found a hazy altar of Hepliaklqana.
 10092 | D:7      | Found a sacrificial altar of Ru.
 10124 | D:7      | Found a bloodstained altar of Trog.
 10124 | D:7      | Found a basalt altar of Yredelemnul.
 10207 | D:8      | Noticed a cyclops
 10211 | D:8      | Killed a cyclops
 10434 | D:4      | Killed Natasha
 10560 | D:2      | Killed Crazy Yiuf
 11114 | D:8      | Found a shadowy altar of Dithmenos.
 11474 | D:9      | Noticed a kobold demonologist
 11477 | D:9      | Killed a kobold demonologist
 11808 | D:9      | Learned a level 1 spell: Summon Small Mammal
 11853 | D:9      | Noticed a kobold demonologist
 11855 | D:9      | Noticed an orange demon
 11860 | D:9      | Killed a kobold demonologist
 11861 | D:9      | Reached skill level 10 in Fighting
 11861 | D:9      | Reached skill level 1 in Summonings
 11861 | D:9      | Reached skill level 1 in Armour
 12145 | D:9      | Noticed a two-headed ogre
 12160 | D:9      | Killed a two-headed ogre
 12161 | D:9      | Reached XP level 11. HP: 61/72 MP: 2/21
 12437 | D:1      | Bought a ring of magical power for 200 gold pieces
 12626 | D:10     | Entered Level 10 of the Dungeon
 12944 | D:10     | Reached * piety under Vehumet
 12944 | D:10     | Offered knowledge of Sandblast by Vehumet.
 13165 | D:10     | Identified the +5 short sword of Indomitability {venom,
                  | Dex+3}
 13216 | D:10     | Found a staircase to the Orcish Mines.
 13253 | D:10     | Noticed a two-headed ogre
 13526 | D:10     | Noticed a two-headed ogre
 13535 | D:10     | Killed a two-headed ogre
 13536 | D:10     | Reached skill level 5 in Conjurations
 13536 | D:10     | Reached skill level 1 in Axes
 13727 | D:10     | Killed a two-headed ogre
 13799 | D:10     | Reached ** piety under Vehumet
 14275 | D:11     | Offered knowledge of Searing Ray by Vehumet.
 14285 | D:11     | Noticed Maurice
 14428 | D:11     | Noticed a manticore
 14534 | D:11     | Reached skill level 5 in Axes
 14537 | D:11     | Learned a level 2 spell: Searing Ray
 14726 | D:11     | Noticed a boulder beetle
 14731 | D:11     | Killed a boulder beetle
 14998 | D:11     | Noticed a manticore
 15006 | D:10     | Killed a manticore
 15330 | D:11     | Noticed a purple ugly thing
 15458 | D:11     | Found a staircase to the Lair.
 15528 | D:11     | Noticed a death yak
 15549 | Lair:1   | Entered Level 1 of the Lair of Beasts
 15599 | Lair:1   | Reached skill level 13 in Air Magic
 15618 | Lair:1   | Offered knowledge of Scorch by Vehumet.
 15879 | Lair:1   | Reached skill level 14 in Air Magic
 15879 | Lair:1   | Reached XP level 12. HP: 75/77 MP: 23/23
 16009 | Lair:1   | Noticed Joseph
 16028 | Lair:1   | Killed Joseph
 16932 | Lair:2   | Reached skill level 15 in Air Magic
 17019 | Lair:2   | Reached *** piety under Vehumet
 17219 | Lair:2   | Noticed Malachi's ghost (journeyman GnWn)
 17486 | Lair:2   | Found a runed translucent door.
 17989 | Lair:3   | Reached skill level 1 in Necromancy
 18087 | Lair:3   | Offered knowledge of Sticky Flame by Vehumet.
 18249 | Lair:3   | Found a staircase to the Snake Pit.
 18393 | Lair:3   | Reached skill level 5 in Necromancy
 18508 | Lair:3   | Reached skill level 1 in Earth Magic
 18639 | Lair:3   | Found a staircase to the Shoals.
 18663 | Lair:3   | Got the Enchiridion on the Squall and Unholy Deeds
 18708 | Lair:3   | Found a staircase to the Snake Pit.
 18918 | Lair:3   | Found a staircase to the Shoals.
 19467 | Lair:4   | Reached XP level 13. HP: 67/84 MP: 19/24
 19531 | Lair:4   | Reached **** piety under Vehumet
 19640 | Lair:4   | Found a snail-covered altar of Cheibriados.
 19696 | Lair:4   | Offered knowledge of Dazzling Flash by Vehumet.
 19720 | Lair:3   | Reached skill level 5 in Earth Magic
 19993 | Lair:4   | Found a transporter.
 19998 | Lair:4   | Found a one-way gate to the infinite horrors of the Abyss.
 19998 | Lair:4   | Noticed jehirs's ghost (journeyman MfSu)
 20011 | Lair:4   | Found a transporter.
 20029 | Lair:4   | Identified the +8 short sword "Demonbane" {flame, rC+}
 20663 | Lair:4   | Noticed a fire dragon
 20672 | Lair:4   | Killed a fire dragon
 20879 | Lair:5   | Entered Level 5 of the Lair of Beasts
 21247 | Lair:5   | Found a staircase to the Slime Pits.
 21247 | Lair:5   | Found a viscous altar of Jiyva.
 21253 | Lair:5   | Identified the +5 halberd of Jaisub {antimagic, *Slow Fly
                  | SInv}
 21864 | Lair:5   | Reached ***** piety under Vehumet
 21887 | Lair:5   | Learned a level 5 spell: Borgnjor's Vile Clutch
 21924 | Lair:5   | Offered knowledge of Arcjolt by Vehumet.
 21941 | Lair:5   | Learned a level 5 spell: Arcjolt
 22121 | Lair:5   | Reached XP level 14. HP: 90/90 MP: 9/26
 22212 | Lair:5   | Identified the ring of Xygryidgh {rC++ MP+9}
 23385 | D:11     | Reached skill level 10 in Spellcasting
 23390 | D:11     | Reached skill level 1 in Shields
 23650 | D:11     | Killed Maurice
 24105 | Orc:1    | Entered Level 1 of the Orcish Mines
 24147 | Orc:2    | Entered Level 2 of the Orcish Mines
 24152 | Orc:2    | Found a gate leading to a gauntlet.
 24165 | Gauntlet | Entered a Gauntlet
 24165 | Gauntlet | Found a transporter.
 24165 | Gauntlet | Found a transporter.
 24179 | Gauntlet | Found a transporter.
 24198 | Gauntlet | Found a transporter.
 24198 | Gauntlet | Found a transporter.
 24201 | Gauntlet | Found a transporter.
 24201 | Gauntlet | Found a transporter.
 24201 | Gauntlet | Found a transporter.
 24209 | Gauntlet | Found a runed translucent door.
 24209 | Gauntlet | Found a runed translucent door.
 24213 | Gauntlet | Found a transporter.
 24231 | Gauntlet | Found a transporter.
 24240 | Gauntlet | Found a runed translucent gate.
 24241 | Gauntlet | Found a transporter.
 24241 | Gauntlet | Found a runed translucent gate.
 24242 | Gauntlet | Found a runed translucent gate.
 24256 | Gauntlet | Found a transporter.
 24276 | Gauntlet | Found a transporter.
 24290 | Gauntlet | Found a transporter.
 24529 | Gauntlet | Reached skill level 5 in Shields
 24575 | Gauntlet | Identified the amulet of Fecauv {RegenMP Harm Fragile rN+++
                  | Stlth+}
 24654 | Gauntlet | Identified the +1 hat of Resilience {rC++ SInv}
 24786 | Gauntlet | Identified the +10 quarterstaff of the Jolly Mice {drain,
                  | rPois}
 25088 | Orc:1    | Offered knowledge of Fireball by Vehumet.
 25234 | Orc:2    | Reached skill level 5 in Evocations
 25348 | Orc:2    | Noticed an orc warlord
 25368 | Orc:2    | Killed an orc warlord
 25529 | Orc:2    | Found a staircase to the Elven Halls.
 25747 | Orc:2    | Reached XP level 15. HP: 50/96 MP: 8/30
 25750 | Orc:2    | Found Huejiebb's Antique Weapon Shoppe.
 25840 | Orc:2    | Found Odivvirr's Book Shoppe.
 25856 | Orc:2    | Found Muzuloji's Antique Armour Shoppe.
 26045 | Orc:2    | Found Muloar's General Store.
 26326 | Orc:1    | Reached skill level 10 in Necromancy
 26481 | Orc:1    | Noticed Gastronok
 26494 | Orc:1    | Killed Gastronok
 26753 | Orc:2    | Bought the Tome of Transfiguration and the Storm for 456
                  | gold pieces
 26967 | D:1      | Bought a ring of wizardry for 300 gold pieces
 27533 | D:12     | Reached skill level 16 in Air Magic
 28789 | Snake:1  | Entered Level 1 of the Snake Pit
 28797 | Snake:1  | Reached skill level 17 in Air Magic
 29109 | Snake:1  | Offered knowledge of Orb of Destruction by Vehumet.
 29242 | Snake:1  | Learned a level 8 spell: Maxwell's Capacitive Coupling
 29270 | Snake:1  | Noticed Asterion
 29359 | Snake:1  | Reached skill level 18 in Air Magic
 29702 | Snake:1  | Mangled by Asterion

Illustrated notes

Levels and vault maps discovered:
D:1:      mrwooster_arrival_statue_2, layout_basic, serial_shops,
          nicolae_shop_hallway_stairs
D:2:      layout_loops_corners, hellmonk_ecumenical_altar_arch_garden,
          uniq_crazy_yiuf_cottage
D:3:      layout_loops_ring, lightli_temple_of_fire, portal_sewer_entry_a,
          hex_large
D:4:      layout_loops_cross, mainiacjoe_overflow_alcove_1, uniq_natasha
D:5:      layout_loops_ring, nicolae_shop_firing_range
D:6:      lemuel_slime, layout_basic, serial_shops, kennysheep_little_box,
          minmay_a_box_with_orc_wizards_in_it, uniq_edmund
D:7:      layout_basic, mainiacjoe_overflow_boulevard, lemuel_doored_altar,
          gammafunk_temple_overflow_forgotten, minmay_temple_entry_proselytizer,
          chequers_avenue
D:8:      layout_rooms, grunt_dithmenos_smoke_and_mirrors
D:9:      layout_irregular_city
D:10:     layout_loops_corners, hiddenorc2_lemuel
D:11:     nzn_winding_woodlands_stair_trap [nzn_winding_woodlands_5x15_parted,
          nzn_winding_woodlands_5x15_cabin,
          nzn_winding_woodlands_5x15_concentric,
          nzn_winding_woodlands_15x15_killbox,
          nzn_winding_woodlands_5x15_lazy_stream,
          nzn_winding_woodlands_5x15_pockets,
          nzn_winding_woodlands_5x15_zeroes], layout_loops_ring,
          david_lair_generic, uniq_maurice
D:12:     layout_cave_pods, nicolae_eternal_life
Temple:   nicolae_temple_two_arcs
Lair:1:   layout_cave_pods, uniq_joseph
Lair:2:   layout_chaotic_city, hellmonk_ghost_happy_afterlife, minmay_hedge_maze
Lair:3:   layout_loops_ring, shoals_dummy_entry, guppyfry_snake_entry_island,
          grunt_megastairs_4
Lair:4:   dragon1_lemuel, layout_misc_corridors, gammafunk_ghost_abyssal_escape,
          st_stairs_8, kennysheep_snail_temple, infiniplex_staircase_pool_2
Lair:5:   minmay_lair_end_enchanted_forest, layout_regular_city, slime_entry_1,
          serial_bayou_lagoon_b, grunt_megastairs_5
Snake:1:  layout_honeycomb, serial_shops, nicolae_shop_statue_plus,
          minmay_snake_pond, uniq_asterion
Orc:1:    layout_caves, mines2_david, uniq_gastronok
Orc:2:    grunt_orc_cross, layout_caves, gauntlet_entry_generic

Skill      XL: |  1  2  3  4  5  6  7  8  9 10 11 12 13 14 15 |
---------------+----------------------------------------------+-----
Fighting       | 1 2 5 6 10 11 12 | 12.1
Air Magic      | 5 7 8 10 12 14 15 18 | 18.0
Conjurations   | 2 4 5 |  5.0
Spellcasting   | 3 4 5 6 7 10 | 10.3
Dodging        | 5 |  5.0
Evocations     | 1 3 4 5 |  5.0
Summonings     | 1 |  1.0
Armour         | 4 |  4.0
Stealth        | 3 4 |  4.6
Axes           | 5 |  5.0
Necromancy     | 6 8 9 10 | 10.0
Earth Magic    | 3 8 |  8.0
Shields        | 5 |  5.0

Action                   |  1- 3 |  4- 6 |  7- 9 | 10-12 | 13-15 || total
-------------------------+-------+-------+-------+-------+-------++-------
Melee: Unarmed           |     6 |       |       |       |       ||     6
       Peck              |     2 |     4 |     6 |    18 |    23 ||    53
       War axe           |    11 |    48 |    50 |   108 |    95 ||   312
       Kick              |     2 |     9 |     9 |    28 |    41 ||    89
       Punch             |       |     1 |     2 |     1 |     1 ||     5
       Mace              |       |       |       |     5 |       ||     5
Throw: Dart              |       |       |     2 |       |     3 ||     5
 Cast: Shock             |    30 |    10 |    38 |     3 |       ||    81
       Static Discharge  |     3 |    14 |    22 |    81 |    60 ||   180
       Airstrike         |       |       |    95 |   232 |   431 ||   758
       Swiftness         |       |       |     1 |     3 |     1 ||     5
       Searing Ray       |       |       |       |       |     7 ||     7
       Arcjolt           |       |       |       |       |    65 ||    65
       Borgnjor's Vile C |       |       |       |       |    55 ||    55
       Maxwell's Capacit |       |       |       |       |     2 ||     2
Evoke: Wand              |       |       |     3 |     6 |     4 ||    13
       Tin of tremorston |       |       |       |       |     3 ||     3
       Box of beasts     |       |       |       |       |     1 ||     1
       Phantom mirror    |       |       |       |       |     1 ||     1
  Use: Potion            |     1 |       |     1 |     2 |     5 ||     9
       Scroll            |       |     2 |    13 |    12 |     5 ||    32
 Stab: Sleeping          |       |     2 |       |     3 |       ||     5
       Distracted        |       |       |     1 |       |     1 ||     2
Armor: Robe              |    25 |    15 |    18 |     6 |       ||    64
       Troll leather arm |       |       |       |    67 |   100 ||   167
       Leather armour    |       |       |       |       |    15 ||    15
Dodge: Dodged            |    47 |    48 |    83 |   241 |   303 ||   722
Block: Buckler           |       |       |       |       |    29 ||    29

Table legend: (Time is in decaauts)
 A = Elapsed time spent in this place.
 B = Non-inter-level travel time spent in this place.
 C = Inter-level travel time spent in this place.
 D = Time resting spent in this place.
 E = Time spent auto-exploring this place.
 F = Levels seen in this place.
 G = Mean time per level.
                   A        B        C        D        E       F      G
               +--------+--------+--------+--------+--------+-----+--------+
         Total |  28368 |  25950 |   2418 |   5243 |  15821 |  23 | 1233.4 |
       Dungeon |  17146 |  15306 |   1840 |   3041 |   9861 |  12 | 1428.8 |
        Temple |     15 |      9 |      6 |      0 |      0 |   1 |   15.0 |
          Lair |   7434 |   7052 |    382 |   1433 |   4325 |   5 | 1486.8 |
     Snake Pit |    411 |    399 |     12 |     93 |    153 |   1 |  411.0 |
  Orcish Mines |   1840 |   1663 |    177 |    435 |    888 |   2 |  920.0 |
         Sewer |    897 |    897 |      0 |    225 |    472 |   1 |  897.0 |
      Gauntlet |    622 |    622 |      0 |     16 |    120 |   1 |  622.0 |
               +--------+--------+--------+--------+--------+-----+--------+

Top non-repeatable levels by time:
  Lair:3: 2287 daAuts
     D:6: 2034 daAuts
    D:10: 2008 daAuts
    D:11: 1924 daAuts
  Lair:5: 1909 daAuts
     D:5: 1812 daAuts
     D:7: 1551 daAuts
     D:4: 1401 daAuts
    D:12: 1356 daAuts
     D:2: 1302 daAuts
  Lair:1: 1215 daAuts
   Orc:2: 1116 daAuts
  Lair:4: 1084 daAuts
     D:9: 1066 daAuts
     D:1: 946 daAuts
